 Dungeon Crawl Stone Soup version 0.22-a0-897-g1b7a381375 (webtiles) character file.

2688 Mirvelgyr the Cleaver (level 9, -1/74 HPs)
             Began as a Deep Dwarf Fighter on July 31, 2018.
             Was a Believer of Makhleb.
             Killed by divine providence
             ... invoked by an orc priest
              (11 damage)
             ... on level 8 of the Dungeon.
             The game lasted 00:10:10 (6046 turns).

Mirvelgyr the Cleaver (Deep Dwarf Fighter)          Turns: 6046, Time: 00:10:10

Health: -1/74      AC: 11    Str: 22    XL:     9   Next: 38%
Magic:  5/5        EV:  7    Int: 10    God:    Makhleb [**....]
Gold:   150        SH: 10    Dex: 17    Spells: 8/8 levels left

rFire    . . .     SeeInvis +   a - +0 war axe
rCold    . . .     Gourm    .   c - +0 shield
rNeg     . . .     Faith    .   b - +0 scale mail
rPois    .         Spirit   .   (no helmet)
rElec    .         Reflect  .   D - +1 cloak {+Inv}
rCorr    .         Harm     .   o - +0 pair of gloves
MR       +....                  v - +0 pair of boots
Stlth    ..........             (no amulet)
HPRegen  0.00/turn              p - +5 ring of dexterity
MPRegen  0.09/turn              t - ring of see invisible

@: lethally poisoned (-1 -> -1), non-regenerating
A: damage resistance, heal wounds, sense surroundings 2, no regeneration
a: Heal Wounds, Minor Destruction, Renounce Religion, Evoke Invisibility


You were on level 8 of the Dungeon.
You worshipped Makhleb.
Makhleb was pleased with you.
You were not hungry.

You visited 2 branches of the dungeon, and saw 9 of its levels.
You also visited: Sewer.

You collected 545 gold pieces.
You spent 395 gold pieces at shops.

Inventory:

Hand Weapons
 a - a +0 war axe (weapon)
Armour
 b - a +0 scale mail (worn)
 c - a +0 shield (worn)
 o - a +0 pair of gloves (worn)
 v - a +0 pair of boots (worn)
 D - a +1 cloak of invisibility (worn)
Jewellery
 h - an uncursed ring of flight
 p - a +5 ring of dexterity (left hand)
 t - a ring of see invisible (right hand)
Wands
 z - a wand of polymorph (15)
 G - a wand of enslavement (10)
Scrolls
 d - a scroll of vulnerability {unknown}
 e - a scroll of noise {unknown}
 i - 4 scrolls of remove curse
 l - a scroll of blinking {unknown}
 n - a scroll of enchant weapon {unknown}
 q - a scroll of amnesia
 u - 4 scrolls of teleportation
 y - 2 scrolls of random uselessness
 B - 3 scrolls of fog
 C - 4 scrolls of immolation
 E - a scroll of acquirement {unknown}
Potions
 g - a potion of magic
 j - 3 potions of flight
 k - a potion of haste {unknown}
 m - 2 potions of lignification
 r - a potion of cancellation {unknown}
 s - 7 potions of heal wounds
 w - 3 potions of curing
 x - a potion of resistance {unknown}
 H - a potion of might
Comestibles
 f - 6 rations
 A - 8 chunks of flesh


   Skills:
 - Level 2.6 Fighting
 + Level 13.3 Axes
 - Level 3.2 Armour
 - Level 4.6 Shields


You had 8 spell levels left.
You didn't know any spells.
Your spell library contained the following spells:

 Spells                   Type           Power        Failure   Level  Hunger
 Magic Dart               Conj           #...         98%         1    ##.....
 Conjure Flame            Conj/Fire      #.......     100%        3    ####...
 Slow                     Hex            #.......     99%         2    ###....
 Mephitic Cloud           Conj/Pois/Air  #.......     100%        3    ####...
 Blink                    Tloc           N/A          99%         2    ###....
 Call Imp                 Summ           #.......     99%         2    ###....
 Shadow Creatures         Summ           N/A          100%        6    #######
 Ensorcelled Hibernation  Hex/Ice        #.....       99%         2    ###....
 Silence                  Hex/Air        #.........   100%        5    ######.
 Darkness                 Hex            #.........   100%        6    #######
 Borgnjor's Vile Clutch   Necr/Erth      #.........   100%        5    ######.


Dungeon Overview and Level Annotations

Branches:
Dungeon (8/15)             Temple (1/1) D:5
   Lair: D:8-11

Altars:
Dithmenos
Elyvilon
Fedhas
Gozag
Kikubaaqudgha
Makhleb
Qazlal
Sif Muna
Trog

Shops:
D:6 [


Innate Abilities, Weirdness & Mutations

You are resistant to damage.
You can heal yourself by infusing magical energy.
You passively map the area around you.
You do not regenerate.


Message History

You kill the orc warrior!
Makhleb accepts your kill.
The orc priest begins to cast a cantrip, but forgets the words!
You slash the bullfrog skeleton!
The bullfrog skeleton is moderately damaged.
The bullfrog skeleton hits you.
* * * LOW HITPOINT WARNING * * *
You hit the bullfrog skeleton.
The bullfrog skeleton is moderately damaged.
The bullfrog skeleton closely misses you.
You hit the bullfrog skeleton.
The bullfrog skeleton is heavily damaged.
You block the bullfrog skeleton's attack.
You slash the bullfrog skeleton!
The bullfrog skeleton is almost destroyed.
The bullfrog skeleton hits you.
* * * LOW HITPOINT WARNING * * *
The orc priest mumbles some strange prayers to Beogh against you.
Beogh smites you!
You die...

.............# #.,
######<####.# ##*#.
* ##.####.# * .##.
#####...##... .#.
#.....#.).... ,* .o
#.###...##... *
,#o* #.# ##.####.#
#Z#####.####.# #.#
#.@.........># #.#.
#######.#######.###
#.# ##.# # , #)#
#[## * *
#.######.## # ,
#.(.......### *
########...#.
###########..#.#
................


You could see an orc priest, an orc and a bullfrog skeleton.

Vanquished Creatures
  The ghost of olegrum the Conjurer, a novice DECj (D:5)
  A hippogriff (D:6)
  Eustachio (D:6)
  Edmund (D:6)
  An ice beast (D:6)
  An orc warrior (D:8)
  A sky beast (D:6)
  2 phantoms
  2 ogres
  4 centaurs
  3 big kobolds
  2 scorpions (D:4)
  3 killer bees (D:7)
  2 crimson imps
  A hound (D:6)
  An orc priest (D:4)
  A jelly (D:7)
  3 bullfrog skeletons
  2 iguanas
  2 orc wizards (D:4)
  4 worker ants
  A hound skeleton (D:4)
  6 gnolls (D:5)
  A howler monkey skeleton (D:4)
  A river rat (Sewer)
  2 adders
  An ooze (D:1)
  An adder zombie (D:5)
  3 worms
  2 dart slugs (D:1)
  5 leopard geckos
  8 orcs
  10 giant cockroaches
  5 goblins
  9 hobgoblins
  6 jackals
  A quokka (D:3)
  2 ball pythons
  10 bats
  4 frilled lizards
  A jackal skeleton (D:5)
  42 kobolds
  A leopard gecko skeleton (D:7)
  7 rats
168 creatures vanquished.

Vanquished Creatures (others)
  An orc wizard (D:4)
1 creature vanquished.

Grand Total: 169 creatures vanquished

Notes
Turn   | Place    | Note
-------+----------+-------------------------------------------
     0 | D:1      | Mirvelgyr the Deep Dwarf Fighter began the quest for the Orb.
     0 | D:1      | Reached XP level 1. HP: 20/20 MP: 1/1
   195 | D:1      | Reached skill level 3 in Axes
   315 | D:1      | Reached XP level 2. HP: 27/27 MP: 2/2
  1164 | D:2      | Reached XP level 3. HP: 29/33 MP: 3/3
  1319 | D:2      | Reached skill level 4 in Axes
  2037 | D:3      | Reached XP level 4. HP: 22/40 MP: 4/4
  2046 | D:3      | Found a glowing drain.
  2058 | Sewer    | Entered a sewer
  2063 | Sewer    | Reached skill level 5 in Axes
  2109 | Sewer    | Noticed a big kobold
  2128 | Sewer    | Killed a big kobold
  2128 | Sewer    | Reached skill level 6 in Axes
  2128 | Sewer    | Reached XP level 5. HP: 42/46 MP: 4/4
  2153 | Sewer    | Found a white marble altar of Elyvilon.
  2895 | D:4      | Noticed an ogre
  2897 | D:4      | Found a blossoming altar of Fedhas.
  2903 | D:4      | Killed an ogre
  2918 | D:4      | Reached skill level 7 in Axes
  2918 | D:4      | Reached XP level 6. HP: 21/55 MP: 5/5
  3011 | D:4      | Reached skill level 8 in Axes
  3079 | D:4      | Reached XP level 7. HP: 29/61 MP: 6/6
  3249 | D:4      | Found a deep blue altar of Sif Muna.
  3446 | D:5      | Entered Level 5 of the Dungeon
  3572 | D:5      | Found a staircase to the Ecumenical Temple.
  3577 | Temple   | Entered the Ecumenical Temple
  3595 | Temple   | Became a worshipper of Makhleb the Destroyer
  3627 | D:5      | Reached skill level 9 in Axes
  3766 | D:5      | Found a runed door.
  4062 | D:5      | Reached * piety under Makhleb
  4069 | D:5      | Reached XP level 8. HP: 36/68 MP: 5/5
  4151 | D:5      | Reached skill level 10 in Axes
  4290 | D:5      | Noticed olegrum's ghost (novice DECj)
  4448 | D:5      | Killed olegrum's ghost
  4617 | D:6      | Reached skill level 11 in Axes
  4652 | D:6      | Found Edem's Antique Armour Boutique.
  4658 | D:6      | Bought a pair of boots for 148 gold pieces
  4658 | D:6      | Bought a runed cloak for 247 gold pieces
  4755 | D:6      | Noticed Eustachio
  4804 | D:6      | Killed Eustachio
  4888 | D:6      | Noticed a hippogriff
  4894 | D:6      | Reached skill level 12 in Axes
  4901 | D:6      | Killed a hippogriff
  4901 | D:6      | Gained mutation: You passively map the area around you. [Deep Dwarf growth]
  4901 | D:6      | Reached XP level 9. HP: 23/74 MP: 5/5
  4927 | D:6      | Noticed Edmund
  5001 | D:6      | Killed Edmund
  5864 | D:7      | Reached skill level 13 in Axes
  5975 | D:8      | Reached ** piety under Makhleb
  6046 | D:8      | Killed from afar by an orc priest

Vault maps used:
D:1:      sevenhm_arrival_forest_fort_large_4
D:2:      minmay_diamond_boxcup, first_ration, mrwooster_statue_mirror,
          kennysheep_minor_cross, grunt_ministairs_9
D:3:      gup_sewer_entry_pipe, columned_hall_lemuel
D:4:      fedhas_altar_1, led_sif_book
D:5:      minmay_goblin_kobold_castle, temple_doors_e,
          ebering_ghost_reflecting_pool
D:6:      serial_shops, shop_statue, kennysheep_diamond, uniq_eustachio,
          uniq_edmund
D:8:      nicolae_overflow_crystal_walls, chequers_ossuary_entry_cave,
          hangedman_little_slice_of_home, uniq_psyche
Temple:   compressed_dpeg_circular_temple
Sewer:    sewer_kobolds

Skill      XL: |  1  2  3  4  5  6  7  8  9 |
---------------+----------------------------+-----
Axes           | 3 4 6 7 8 9 12 13 | 13.3
Shields        | 4 |  4.6
Fighting       | |  2.6
Armour         | |  3.2

Action                   |  1- 3 |  4- 6 |  7- 9 || total
-------------------------+-------+-------+-------++-------
Melee: War axe           |   153 |   108 |   319 ||   580
       Unarmed           |       |       |     4 ||     4
 Abil: Heal Wounds       |       |     2 |     9 ||    11
  Use: Scroll            |       |     8 |     4 ||    12
       Potion            |       |       |     1 ||     1
  Eat: Chunk             |     3 |     1 |     7 ||    11
       Ration            |     1 |       |     1 ||     2
Armor: Scale mail        |    80 |    42 |   129 ||   251
Dodge: Dodged            |    50 |    26 |    88 ||   164
Block: Shield            |    88 |    49 |   169 ||   306

Table legend:
 A = Spawn XP
 B = Non-spawn XP
 C = Spawn XP percentage of total XP
 D = Spawn monster count
 E = Non-spawn monster count
 F = Spawn count percentage of total count
 G = Total turns spent on level
                    A         B        C        D         E        F      G
               +---------+---------+-------+---------+---------+-------+---------
         Total |       0 |    3841 |   0.0 |       0 |     168 |   0.0 |  6046
               +---------+---------+-------+---------+---------+-------+---------
           D:1 |       0 |      30 |   0.0 |       0 |      14 |   0.0 |   841
           D:2 |       0 |      40 |   0.0 |       0 |      22 |   0.0 |   841
           D:3 |       0 |      53 |   0.0 |       0 |      20 |   0.0 |  1066
           D:4 |       0 |     732 |   0.0 |       0 |      26 |   0.0 |   551
           D:5 |       0 |     931 |   0.0 |       0 |      48 |   0.0 |   993
           D:6 |       0 |    1067 |   0.0 |       0 |      11 |   0.0 |   856
           D:7 |       0 |     515 |   0.0 |       0 |      13 |   0.0 |   635
           D:8 |       0 |     353 |   0.0 |       0 |       3 |   0.0 |    88
         Sewer |       0 |     120 |   0.0 |       0 |      11 |   0.0 |   147
               +---------+---------+-------+---------+---------+-------+---------
